Match 38766537
Unlisted

Match 38766537
End
Construct Infanterie Kompanie
Grenadier Squad
Grenadier Squad
Grenadier Squad
Medical Bunker
Infanterie Officer Quarters
Construct Luftwaffe Kompanie
MG 42 Bunker
Flak 30 Anti-aircraft Gun Team
MG 42 Bunker
Construct Panzergrenadier Kompanie
MG 42 Bunker
Medical Station
Support Elements
Selects Luftwaffe Battlegroup
Selects Reconnaissance Run
Selects Fallschirmjäger Squad Paradrop
Reconnaissance Run
Nebelwerfer 42 Rocket Launcher Team
Nebelwerfer 42 Rocket Launcher Team
Selects Stuka Loiter
Selects Luftwaffe Pioneer Support
Marder III M Tank Destroyer
Stuka Loiter
Reconnaissance Run
Lekpojken
Mael Radec
affinity
baydounkhalil1
Yorkcir
Zapp Brannigan
marcinlab
Extra Chromosomes
0
0

Comments sign in to comment!

No comments posted yet!